cohdb
Replays
Latest Replays
All Replays
Popular Replays
Top Player Replays
Match Explorer
How It Works
Community
CoH3 Stats
Reddit
Sign in to upload your games and track your stats! →
Sign in with Steam
Match 47402523
Unlisted
Match 47402523
Overview
Messages
Build Orders
End
Vickers Machine Gun Team
Construct Section Command Post
Dingo Light Scout Car
Infantry Section
Infantry Section
Construct Platoon Command Post
Infantry Section
6-pounder Anti-tank Gun Team
Selects Air and Sea Battlegroup
Selects Air and Sea Battlegroup
Selects Supply Surplus
Construct Resource Cache
Construct Resource Cache
Construct Company Command Post
Selects Commando Section Paradrop
Selects Commando Support Section Paradrop
Crusader II Medium Tank
Royal Engineer Section
Unlock M3 Grant Medium Tanks
Grenade Package
Commando Support Section Paradrop
Selects Anti-tank Rocket Loiter
Anti-tank Rocket Loiter
M3 Grant Medium Tank
6-pounder Anti-tank Gun Team
Selects UNKNOWN (223837)
M3 Grant Medium Tank
Construct Resource Cache
Anti-tank Rocket Loiter
M3 Grant Medium Tank
Hunter
SNIPER
el campo
MaXiS
0
0
Comments
sign in to comment!
No comments posted yet!